 Dungeon Crawl Stone Soup version 0.26.1-11-gd32895ea62 (webtiles) character file.

Game seed: 6962196276693060275

151 Ijustatesigmund the Skirmisher (level 5, 0/37 HPs)
             Began as an Octopode Fighter on July 2, 2021.
             Slain by a river rat (9 damage)
             ... in a sewer.
             The game lasted 00:03:37 (1975 turns).

Ijustatesigmund the Skirmisher (Octopode Fighter)   Turns: 1975, Time: 00:03:37

Health: 0/37       AC:  1    Str: 22    XL:     5   Next: 33%
Magic:  5/5        EV: 12    Int: 10    God:
Gold:   171        SH:  9    Dex: 12    Spells: 4/4 levels left

rFire    . . .     SeeInvis .   a - +0 war axe
rCold    . . .     Faith    .   b - +0 kite shield
rNeg     . . .     Spirit   .   (helmet restricted)
rPois    .         Reflect  .   (no amulet)
rElec    .         Harm     .   i - ring of stealth
rCorr    .         Rampage  .   l - +6 ring of strength
Will     .....                  (no ring)
Stlth    ++++......             (no ring)
HPRegen  0.12/turn              (no ring)
MPRegen  0.09/turn              (no ring)
                                (no ring)
                                (no ring)

@: no status effects
A: almost no armour, stealthy swim, amphibious, 8 rings, constrict 8, camouflage
1, gelatinous body 1
a: no special abilities


You were in a sewer.
You visited 1 branch of the dungeon, and saw 3 of its levels.
You also visited: Sewer.

You collected 171 gold pieces.

Inventory:

Hand Weapons
 a - a +0 war axe (weapon)
Armour
 b - a +0 kite shield (worn)
Jewellery
 i - a ring of stealth (left tentacle)
 l - a +6 ring of strength (right tentacle)
 o - an uncursed ring of fire
Scrolls
 f - a scroll of remove curse
 h - a scroll of teleportation
 m - a scroll of fear
 n - 4 scrolls of immolation
Potions
 c - 4 potions of might
 d - 2 potions of lignification
 e - a potion of magic
 g - a potion of brilliance {unknown}
 j - a potion of curing {unknown}
 k - a potion of attraction {unknown}


   Skills:
 + Level 3.7 Fighting
 * Level 3.7 Axes
 + Level 3.7 Dodging
 + Level 3.6 Shields


You had 4 spell levels left.
You didn't know any spells.
Your spell library was empty.

Dungeon Overview and Level Annotations

Branches:
Dungeon (3/15)              Sewer (1/1)

Altars:
Hepliaklqana


Innate Abilities, Weirdness & Mutations

You cannot wear most types of armour.
You are very stealthy in the water. (Stealth+)
You are amphibious.
You can wear up to eight rings at the same time.
You can use your tentacles to constrict eight enemies at once.
Your skin changes colour to match your surroundings (Stealth+).
Your rubbery body absorbs attacks. (AC +1, EV +1)


Message History

You are too injured to fight recklessly!
You are too injured to fight recklessly!
You are too injured to fight recklessly!
You are too injured to fight recklessly!
You are too injured to fight recklessly!
You are too injured to fight recklessly!
You are too injured to fight recklessly!
You are too injured to fight recklessly!
You are too injured to fight recklessly!
You are too injured to fight recklessly!
You are too injured to fight recklessly!
You are too injured to fight recklessly!
You are too injured to fight recklessly!
You are too injured to fight recklessly!
Unknown command.
The river rat bites you.
* * * LOW HITPOINT WARNING * * *
It was a potion of magic.
Magic courses through your body. The river rat bites you!
You die...

#≈≈≈≈≈≈#
#≈≈≈≈≈≈#
#≈≈≈≈≈≈#
#≈≈≈≈≈≈#
#≈≈≈≈#≈#
#≈≈≈≈≈≈#
#≈≈≈≈≈≈#
#≈≈≈≈≈≈#
#≈≈≈≈≈≈#
#≈≈≈≈≈≈#
#≈≈≈≈≈≈#
##≈..≈≈#
#≈≈≈≈≈.#
#.≈..≈≈#
#≈≈≈≈≈≈#
#≈..≈≈≈#
#≈≈≈≈≈≈#
#@≈≈≈≈≈#
#≈≈≈≈≈≈#
#r≈≈≈≈≈#
#≈≈≈≈#≈#
#≈r≈≈≈≈#
#≈≈≈≈≈≈#
#≈≈rr≈≈#
#≈≈≈≈≈≈#
#≈rr≈r≈#
##..≈.##
#.≈..≈.#
##......#
#†.....#
##......##
##......#
#.......#
#.r...r.#


You could see 2 river rats and 5 rats.

Vanquished Creatures
  4 adders
  5 river rats (Sewer)
  A worm (D:2)
  A dart slug (D:2)
  3 leopard geckos (D:2)
  5 ball pythons
  5 bats
  5 giant cockroaches
  5 goblins
  7 hobgoblins
  2 jackals (D:1)
  5 frilled lizards
  4 kobolds
  18 rats
70 creatures vanquished.

Notes
Turn   | Place    | Note
-------+----------+-------------------------------------------
     0 | D:1      | Ijustatesigmund the Octopode Fighter began the quest for
                  | the Orb.
     0 | D:1      | Reached XP level 1. HP: 16/16 MP: 1/1
   260 | D:1      | Reached XP level 2. HP: 20/21 MP: 2/2
   680 | D:1      | Reached XP level 3. HP: 26/26 MP: 3/3
  1192 | D:2      | Reached XP level 4. HP: 29/31 MP: 4/4
  1299 | D:2      | Found a hazy altar of Hepliaklqana.
  1488 | D:3      | Found a glowing drain.
  1558 | Sewer    | Entered a sewer
  1739 | Sewer    | Reached XP level 5. HP: 36/36 MP: 5/5
  1975 | Sewer    | Slain by a river rat

Illustrated notes

Levels and vault maps discovered:
D:1:      dpeg_arrival_tiny_a, layout_loops_ring, minmay_misc_feat_alley
D:2:      layout_rooms, nzn_hepliaklqana_mist_gate
D:3:      minmay_spotlight, layout_loops_corners, lemuel_crystal_altar,
          portal_sewer_entry_d, bloody_trog, uniq_natasha, uniq_jessica,
          uniq_grinder
Sewer:    sewer_minmay_w

Skill      XL: |  1  2  3 |
---------------+----------+-----
Axes           | 3 |  3.7
Fighting       | |  3.7
Dodging        | |  3.7
Shields        | |  3.6

Action                   |  1- 3 |  4- 6 || total
-------------------------+-------+-------++-------
Melee: War axe           |    64 |    49 ||   113
       Constrict         |    13 |    12 ||    25
       Tentacles         |     8 |     8 ||    16
  Use: Scroll            |     7 |     2 ||     9
       Potion            |       |     1 ||     1
 Stab: Sleeping          |     2 |     5 ||     7
Armor: Skin              |     6 |     5 ||    11
Dodge: Dodged            |    32 |    28 ||    60
Block: Kite shield       |    27 |    20 ||    47
